[Event "Israeli Team U18-ch 2022"]
[Site "Be'er Ya'akov"]
[Date "2022.08.14"]
[Round "2.8"]
[White "Duchan, Yoav"]
[Black "Hasson Shreger, Shalev"]
[Result "1/2-1/2"]
[ECO "B31"]
[WhiteElo "1786"]
[BlackElo "1759"]
[Annotator "NA RC"]
[PlyCount "60"]
[EventDate "2022.08.14"]
[EventCountry "ISR"]
[SourceTitle "playchess.com"]
[Source "ChessBase"]
[SourceQuality "1"]
[TimeControl "3000+10"]

1. e4 c5 2. Nf3 Nc6 3. Bb5 g6 4. Bxc6 bxc6 5. O-O Bg7 6. c3 e5 7. d3 Ne7 8. Be3 d6 9. d4 cxd4 10. cxd4 Bg4 11. dxe5 Bxe5 12. Bd4 Bxf3 13. gxf3 Qa5 14. Bxe5 Qxe5 15. Qd2 Rd8 16. Nc3 O-O 17. f4 Qh5 18. Qe2 Qh4 19. Qf3 f5 20. e5 dxe5 21. fxe5 Rd4 22. Rad1 Rf4 23. Qe3 Rg4+ 24. Kh1 f4 25. Qf3 Rf5 26. Ne4 Kg7 27. Nf6 Rgg5 28. Rd4 Nd5 29. Nxd5 cxd5 30. Rg1 Rh5 1/2-1/2

[Event "Israeli Team U18-ch 2022"]
[Site "Be'er Ya'akov"]
[Date "2022.08.14"]
[Round "2.9"]
[White "Zemach, Nadav"]
[Black "Shapira, Gal"]
[Result "1-0"]
[ECO "E06"]
[WhiteElo "2225"]
[BlackElo "1995"]
[Annotator "TA"]
[PlyCount "57"]
[EventDate "2022.08.14"]
[EventCountry "ISR"]
[SourceTitle "playchess.com"]
[Source "ChessBase"]
[SourceQuality "1"]
[TimeControl "3000+10"]

1. d4 d5 2. c4 e6 3. Nf3 Nf6 4. g3 Be7 5. Bg2 O-O 6. O-O b6 7. cxd5 exd5 8. Nc3 Bf5 {[%emt 0:02:15] E06: Closed Catalan: Early deviations.} ({Black should try} 8... Bb7 $11) 9. Ne5 $14 {[%emt 0:03:14][%cal Og3g4] [#]} Ne4 $146 ({Predecessor:} 9... c6 10. Qa4 b5 11. Qb3 Qb6 12. Rd1 Nbd7 13. Nxc6 Qxc6 14. Nxd5 Nxd5 15. Bxd5 Qh6 16. Bxh6 {1-0 (16) Yanayt,E (2173)-Suvorov,L (2279) Chess.com INT 2020}) 10. Qb3 Nxc3 {[%emt 0:02:57] White is better.} 11. Qxc3 Bf6 12. Bf4 Re8 13. Rfd1 {[%emt 0:02:01] White is more active.} g5 14. Be3 Qd6 15. Rac1 Na6 {[%emt 0:01:47] Loses the game.} (15... c6 $16 {was called for.}) 16. Qd2 $18 Bxe5 17. dxe5 Qxe5 18. Qxd5 Be4 19. Bxe4 Qxe4 20. Qxg5+ Qg6 21. Qh4 {[%emt 0:01:32] And now Rd5 would win.} c5 22. Rd5 {[%emt 0:00:24] [#] Rg5 is the strong threat.} Kh8 $2 (22... Re4) 23. Bd2 Re4 24. Bc3+ Kg8 25. Rd8+ Re8 26. Rxa8 Rxa8 27. Rd1 {[%emt 0:00:06] [#] White wants to mate with Rd8+.} h6 (27... Rf8 $18 28. Qf4 Nb4) 28. Rd8+ Rxd8 29. Qxd8+ {[%emt 0:00:06] Weighted Error Value: White=0.26 (precise) /Black=0.73} 1-0

[Event "Israeli Team U18-ch 2022"]
[Site "Be'er Ya'akov"]
[Date "2022.08.14"]
[Round "2.11"]
[White "Levi, Or"]
[Black "Sobel, Alon"]
[Result "1-0"]
[ECO "B81"]
[WhiteElo "1784"]
[BlackElo "1843"]
[Annotator "NA RC"]
[PlyCount "51"]
[EventDate "2022.08.14"]
[EventCountry "ISR"]
[SourceTitle "playchess.com"]
[Source "ChessBase"]
[SourceQuality "1"]
[TimeControl "3000+10"]

1. e4 c5 2. Nf3 e6 3. d4 cxd4 4. Nxd4 Nf6 5. Nc3 d6 6. g4 h6 7. h4 Nc6 8. Rg1 h5 9. gxh5 Nxh5 10. Bg5 Be7 11. Qd2 Qb6 12. Nb3 Ne5 13. Be2 g6 14. O-O-O a6 15. Bxe7 Kxe7 16. f4 Nd7 17. Kb1 Nhf6 18. e5 dxe5 19. fxe5 Nxe5 20. Qg5 Ned7 21. Rgf1 Ke8 22. Rxf6 Nxf6 23. Qxf6 Rh7 24. Ne4 Bd7 25. Ng5 Qe3 26. Bf3 1-0

[Event "Israeli Team U18-ch 2022"]
[Site "Be'er Ya'akov"]
[Date "2022.08.14"]
[Round "2.12"]
[White "Gavriel, Adam"]
[Black "Amitai, Ido"]
[Result "0-1"]
[ECO "A45"]
[WhiteElo "1409"]
[BlackElo "1664"]
[Annotator "NA RC"]
[PlyCount "54"]
[EventDate "2022.08.14"]
[EventCountry "ISR"]
[SourceTitle "playchess.com"]
[Source "ChessBase"]
[SourceQuality "1"]
[TimeControl "3000+10"]

1. d4 Nf6 2. Bg5 e6 3. e4 Be7 4. Nd2 c5 5. e5 Nd5 6. Bxe7 Nxe7 7. Nc4 O-O 8. dxc5 Nd5 9. g3 Qc7 10. Bg2 Qxc5 11. Nd6 Nb4 12. Be4 Qxe5 13. Nf3 Qxb2 14. O-O f5 15. Nxc8 fxe4 16. Ne7+ Kf7 17. Qd6 exf3 18. Rab1 Qf6 19. Rxb4 Qxe7 20. Rf4+ Ke8 21. Qc7 Nc6 22. Qxb7 Rb8 23. Qc7 Rxf4 24. Qxf4 Qf6 25. Qd6 Qf5 26. Rd1 Rd8 27. Rd3 Ne5 0-1

[Event "Israeli Team U18-ch 2022"]
[Site "Be'er Ya'akov"]
[Date "2022.08.14"]
[Round "2.13"]
[White "Glatt, Oded"]
[Black "Aizenberg, Benny"]
[Result "0-1"]
[ECO "B90"]
[WhiteElo "1768"]
[BlackElo "2361"]
[Annotator "TA"]
[PlyCount "52"]
[EventDate "2022.08.14"]
[EventCountry "ISR"]
[SourceTitle "playchess.com"]
[Source "ChessBase"]
[SourceQuality "1"]
[TimeControl "3000+10"]

1. e4 c5 2. Nf3 d6 3. d4 cxd4 4. Nxd4 Nf6 5. Nc3 a6 6. f3 e5 7. Nb3 Be7 8. Be3 Be6 9. Qd2 Nbd7 10. g4 b5 11. h4 {[%emt 0:01:26] B90: Sicilian Najdorf: Unusual White 6th moves, 6 Be3 Ng4 and 6 Be3 e5.} ({White should play} 11. a4 $14) 11... Nb6 (11... b4 $5 12. Nd5 Bxd5 13. exd5 Nb6 $15) 12. Qf2 {[%emt 0:03:23] [#]} (12. g5 $11 {remains equal.} Nh5 13. Na5) 12... Na4 $146 ({Predecessor:} 12... Nc4 13. Bxc4 bxc4 14. Nd2 Rb8 15. g5 Nd7 16. Rb1 Qa5 17. Ke2 O-O 18. Rhd1 f5 19. gxf6 Nxf6 {1-0 (73) Gazik,V (2059)-Chlpik,M (2099) Slovakia 2013}) 13. Nxa4 {[%emt 0:02:02] Black is better.} bxa4 14. Nd2 d5 15. g5 {[%emt 0:04:19] [#]} d4 (15... Nxe4 $1 $17 16. fxe4 d4) 16. Bxd4 $11 exd4 17. gxf6 Bxf6 {[%emt 0:00:04][%cal Oa4a3] White must now prevent ...a3!} 18. Nc4 (18. Bd3 $1 $11) 18... Rc8 19. b3 {[%emt 0:03:31][%mdl 8192] This move loses the game for White.} (19. e5 $17 {was the crucial defense.} Be7 20. b3) 19... d3 $19 {[%emt 0:01:18] Black is clearly winning.} 20. O-O-O (20. Bxd3 $142 Bxa1 21. Qb6) 20... axb3 21. axb3 Bxc4 22. bxc4 Qa5 {[%emt 0:00:06] ( -> ...d2+)} 23. Rxd3 O-O 24. f4 (24. Rd5 $142 Qa1+ 25. Kd2) 24... Rxc4 {[%emt 0:00:50] Threatens to win with ...Qa1+.} 25. e5 Qa1+ 26. Kd2 {[%emt 0:00:15] [#]} Rxc2+ $3 {[%emt 0:00:21][%mdl 512] Weighted Error Value: White=1.27/Black=0.38} 0-1

[Event "Israeli Team U18-ch 2022"]
[Site "Be'er Ya'akov"]
[Date "2022.08.14"]
[Round "2.14"]
[White "Sherman, Reem"]
[Black "Mond, Omri"]
[Result "1-0"]
[ECO "C24"]
[WhiteElo "2071"]
[BlackElo "1599"]
[Annotator "NA RC"]
[PlyCount "225"]
[EventDate "2022.08.14"]
[EventCountry "ISR"]
[SourceTitle "playchess.com"]
[Source "ChessBase"]
[SourceQuality "1"]
[TimeControl "3000+10"]

1. e4 e5 2. Bc4 Nf6 3. d3 c6 4. Nf3 d5 5. Bb3 Nbd7 6. exd5 cxd5 7. Nc3 Bb4 8. Bd2 d4 9. Ne2 Bxd2+ $11 10. Qxd2 Qe7 11. O-O O-O 12. Rfe1 Qc5 13. Ng3 a5 14. a4 Re8 15. Ng5 Nd5 16. N5e4 Qc6 17. Nf5 N7f6 18. Qg5 Bxf5 19. Qxf5 h6 20. g3 Rad8 21. Nd2 g6 22. Qf3 Nb6 23. Ne4 Rd6 24. Re2 Re7 25. Qg2 Nxe4 26. Rxe4 Nd7 27. Rae1 Kg7 28. f4 Qc5 29. fxe5 Rxe5 30. Rxe5 Nxe5 31. Qxb7 Rf6 32. Rf1 Rxf1+ 33. Kxf1 Qd6 34. Qe4 Qf6+ 35. Kg2 Qg5 36. Qxd4 Qd2+ 37. Qf2 Qb4 38. Qf4 Qb7+ 39. Qe4 Qc7 40. h3 h5 41. Qd5 Qe7 42. Qxa5 Nxd3 43. Qc3+ Ne5 44. Bd5 Qd6 45. Qd4 Kh7 46. c4 Nd7 47. Qf4 Ne5 48. Bxf7 Qb8 49. b3 Qf8 50. Qxe5 Qxf7 51. Qd5 Qe7 52. Qd3 Qb7+ 53. Qf3 Qb4 54. Qd3 Qb7+ 55. Kh2 Qb6 56. Qf3 Qb4 57. Qe3 Qa3 58. h4 Qb2+ 59. Kh3 Qf6 60. c5 Qf5+ 61. Kg2 Qc2+ 62. Kh1 Qb1+ 63. Kg2 Qc2+ 64. Kf3 Qf5+ 65. Ke2 Qc2+ 66. Ke1 Qb1+ 67. Kf2 Qc2+ 68. Kg1 Qb1+ 69. Kg2 Qc2+ 70. Kf3 Qf5+ 71. Qf4 Qxc5 72. Qf7+ Kh6 73. Qf4+ Kh7 74. Qc4 Qf5+ 75. Kg2 Qd7 76. Qc3 Qd5+ 77. Kf2 Qf5+ 78. Ke3 Qe6+ 79. Kd4 Qf6+ 80. Kc4 Qc6+ 81. Kb4 Qd6+ 82. Ka5 Qd5+ 83. Kb6 Qe6+ 84. Kb7 Qe4+ 85. Kb8 Qe6 86. a5 Qe8+ 87. Qc8 Qe1 88. Qc7+ Kh6 89. a6 Qb4+ 90. Qb7 Qd6+ 91. Kc8 Qf8+ 92. Kc7 Qe7+ 93. Kc6 Qe4+ 94. Kc5 Qe3+ 95. Kb4 Qd4+ 96. Ka5 Qa1+ 97. Kb5 Qe5+ 98. Kc4 Qe2+ 99. Kb4 Qd2+ 100. Kb5 Qd3+ 101. Ka4 Qd4+ 102. b4 Qa1+ 103. Kb5 Qe5+ 104. Kb6 Qd4+ 105. Kc6 Qe4+ 106. Kd7 Qd4+ 107. Ke6 Qc4+ 108. Ke7 Qe2+ 109. Kf8 Qe5 110. b5 Qc5+ 111. Kg8 Qc4+ 112. Qf7 Qe6 113. a7 1-0

[Event "Israeli Team U18-ch 2022"]
[Site "Be'er Ya'akov"]
[Date "2022.08.14"]
[Round "2.15"]
[White "Gilor, Amit"]
[Black "Friedland, Eldar"]
[Result "0-1"]
[ECO "B06"]
[WhiteElo "1573"]
[BlackElo "1990"]
[Annotator "NA RC"]
[PlyCount "90"]
[EventDate "2022.08.14"]
[EventCountry "ISR"]
[SourceTitle "playchess.com"]
[Source "ChessBase"]
[SourceQuality "1"]
[TimeControl "3000+10"]

1. e4 c5 2. c3 d5 3. exd5 Qxd5 4. d4 g6 5. Nf3 Bg7 6. Be3 Nf6 7. dxc5 Qxd1+ 8. Kxd1 Ng4 9. Bd3 O-O 10. Kc2 Nxe3+ 11. fxe3 a5 12. Nbd2 Na6 13. Bxa6 Rxa6 14. Nd4 Rd8 15. b3 e5 16. N4f3 Rc6 17. Nc4 Bf5+ 18. Kb2 Rxc5 19. Rhd1 Rcd5 20. Rxd5 Rxd5 21. Re1 Be4 22. Ng5 Bd3 23. e4 Rc5 24. Nd6 Bh6 25. Rd1 Be2 26. Re1 Bxg5 27. Rxe2 Be7 28. Rd2 Bxd6 29. Rxd6 a4 30. c4 Rc7 31. Rd5 f6 32. Kc3 axb3 33. axb3 Kf7 34. c5 Ke6 35. Kc4 f5 36. Rd6+ Ke7 37. exf5 gxf5 38. Kd5 e4 39. g4 Rd7 40. gxf5 e3 41. f6+ Ke8 42. f7+ Rxf7 43. c6 bxc6+ 44. Rxc6 e2 45. Kd6 Rf6+ 0-1

[Event "Israeli Team U18-ch 2022"]
[Site "Be'er Ya'akov"]
[Date "2022.08.14"]
[Round "2.16"]
[White "Ostrovsky Berman, Noam"]
[Black "Blonder, Daniel"]
[Result "0-1"]
[ECO "B07"]
[WhiteElo "1778"]
[BlackElo "1633"]
[Annotator "NA RC"]
[PlyCount "86"]
[EventDate "2022.08.14"]
[EventCountry "ISR"]
[SourceTitle "playchess.com"]
[Source "ChessBase"]
[SourceQuality "1"]
[TimeControl "3000+10"]

1. e4 d6 2. d4 Nf6 3. Nc3 g6 4. f3 Bg7 5. Be3 a6 6. Qd2 b5 7. Bh6 Bxh6 8. Qxh6 e5 9. O-O-O exd4 10. Rxd4 Nc6 11. Rd1 Bb7 12. g4 Qe7 13. g5 Ng8 14. Qh4 O-O-O 15. Nd5 Qe8 16. Qf2 Kb8 17. h4 f6 18. Kb1 fxg5 19. hxg5 Nge7 20. Nf6 Qf7 21. Rh6 Ng8 22. Nxg8 Rdxg8 23. Qe3 Ne5 24. Bd3 Qe7 25. c3 Nf7 26. Rh3 Nxg5 27. Rg3 Ne6 28. Ne2 Rf8 29. Rh1 Rf7 30. Rxg6 Rhf8 31. Rg3 Nc5 32. Bc2 d5 33. e5 Ne6 34. Rgh3 d4 35. Nxd4 Nxd4 36. cxd4 Rxf3 37. Rxf3 Rxf3 38. Qd2 Qf7 39. Bxh7 Rf2 40. Qd3 Bxh1 41. Bg6 Rf1+ 42. Kc2 Qf2+ 43. Kc3 Qe1+ 0-1

[Event "Israeli Team U18-ch 2022"]
[Site "Be'er Ya'akov"]
[Date "2022.08.14"]
[Round "2.18"]
[White "Umanskiy, Stanislav"]
[Black "Neiman, Maks"]
[Result "0-1"]
[ECO "D02"]
[WhiteElo "1642"]
[BlackElo "2110"]
[Annotator "NA RC"]
[PlyCount "60"]
[EventDate "2022.08.14"]
[EventCountry "ISR"]
[SourceTitle "playchess.com"]
[Source "ChessBase"]
[SourceQuality "1"]
[TimeControl "3000+10"]

1. d4 d5 2. Nf3 Nf6 3. Bf4 c5 4. c3 Nc6 5. e3 Qb6 6. Qc2 g6 7. dxc5 Qxc5 8. Nbd2 Bg7 9. h3 O-O 10. Be2 Re8 11. O-O e5 12. Bh2 a5 13. a4 Bf5 14. Qb3 d4 15. cxd4 exd4 16. Rac1 Qe7 17. Bb5 dxe3 18. Qxe3 Qxe3 19. fxe3 Rxe3 20. Bxc6 bxc6 21. Rxc6 Ne4 22. Nxe4 Rxe4 23. g4 Be6 24. Ng5 Bd4+ 25. Kh1 Bd5 26. Rd6 Re1+ 27. Rxd5 Rxf1+ 28. Kg2 Rf2+ 29. Kg3 Rd2 30. Nf3 Bf2+ 0-1

[Event "Israeli Team U18-ch 2022"]
[Site "Be'er Ya'akov"]
[Date "2022.08.15"]
[Round "3.1"]
[White "Aizenberg, Benny"]
[Black "Rozen, Eytan"]
[Result "1/2-1/2"]
[ECO "B77"]
[WhiteElo "2361"]
[BlackElo "2465"]
[Annotator "TA"]
[PlyCount "79"]
[EventDate "2022.08.14"]
[EventCountry "ISR"]
[SourceTitle "playchess.com"]
[Source "ChessBase"]
[SourceQuality "1"]
[TimeControl "3000+10"]

1. e4 c5 2. Nf3 Nc6 3. d4 cxd4 4. Nxd4 g6 5. Be3 Bg7 6. Nc3 Nf6 7. Bc4 O-O 8. Bb3 d6 9. f3 Bd7 10. Qd2 Nxd4 11. Bxd4 b5 12. a4 b4 {[%emt 0:02:38] 12...b4 has lost popularity. B77: Sicilian Dragon: Yugoslav Attack, 9 Bc4 sidelines.} 13. Nd5 Nxd5 $1 14. Bxg7 Kxg7 15. exd5 Qa5 16. O-O e5 17. dxe6 $1 Qc5+ 18. Kh1 Bxe6 19. Bxe6 fxe6 20. Rfe1 e5 {[%emt 0:00:43] [#]} 21. Rac1 $146 ({Predecessor:} 21. Rad1 Rac8 22. h3 Rf4 23. Rc1 Qd4 24. Qe2 Qc4 25. Qf2 Qd4 26. Qf1 Qc4 27. Qg1 {½-½ (58) Mazur,S (2426)-Bedouin,X (2338) Metz 2014}) 21... Rf4 {[%emt 0:03:23] The position is equal.} 22. c4 Raf8 23. b3 Rd4 24. Qc2 Rff4 25. Rcd1 a5 26. h3 h6 27. Rxd4 Rxd4 28. Re4 Rxe4 29. Qxe4 $11 {[%emt 0:00:00][%mdl 4096] Endgame KQ-KQ} g5 30. Qf5 Qd4 31. Qd7+ Kg6 32. Qe8+ Kg7 33. Qe7+ Kg6 34. Qe6+ Kg7 35. Qd7+ Kg6 36. Qd8 Qd2 37. Qe8+ Kg7 38. Qe7+ Kg6 39. Qe6+ Kg7 40. Qe7+ {[%emt 0:00:00] An interesting draw.  Weighted Error Value: White=0.03 (flawless) /Black=0.02 (flawless)} 1/2-1/2

[Event "Israeli Team U18-ch 2022"]
[Site "Be'er Ya'akov"]
[Date "2022.08.15"]
[Round "3.2"]
[White "Milikow, Yoav"]
[Black "Sherman, Reem"]
[Result "1-0"]
[ECO "E68"]
[WhiteElo "2452"]
[BlackElo "2071"]
[Annotator "TA"]
[PlyCount "109"]
[EventDate "2022.08.14"]
[EventCountry "ISR"]
[SourceTitle "playchess.com"]
[Source "ChessBase"]
[SourceQuality "1"]
[TimeControl "3000+10"]

1. d4 Nf6 2. c4 g6 3. g3 Bg7 4. Bg2 O-O 5. Nc3 d6 6. Nf3 Nbd7 7. O-O e5 8. e4 a6 9. Re1 exd4 10. Nxd4 Ne5 11. b3 c5 12. Nc2 Rb8 13. h3 {[%emt 0:10:02] E68: King's Indian: Fianchetto: 6...Nbd7 7 0-0 e5 8 e4.} Nc6 {[%emt 0:07:26] was the old line (13...b5).} 14. Bb2 b5 15. cxb5 {[%emt 0:04:23] White is slightly better.} axb5 16. Nd5 {[%emt 0:01:12] [#]} Nxd5 $146 ({Predecessor:} 16... Bb7 17. Rb1 Re8 18. Qd2 b4 19. a3 bxa3 20. Nxa3 Ba6 21. Nc4 Nxd5 22. exd5 Rxe1+ 23. Rxe1 {0-1 (48) Sedlacek,P (2231)-Tibensky,R (2396) Slovakia 2014}) 17. Bxg7 Kxg7 18. Qxd5 Bb7 19. Qd2 {[%emt 0:00:32] Inhibits Nd4.} Qe7 20. Rad1 Rfd8 21. Re3 Rd7 22. Qc3+ f6 23. Qd2 Qf7 24. f4 Rbd8 $1 25. Rd3 b4 26. Qc1 Qe6 27. Qb2 Ne7 28. Re1 h6 29. h4 (29. Ne3 {feels hotter.} d5 30. exd5 Nxd5 31. f5) 29... Kh7 30. Kh2 Qf7 ({Black should try} 30... f5 $11) 31. Ne3 $14 h5 32. Qf2 f5 33. exf5 Nxf5 34. Nxf5 Qxf5 35. Rde3 {[%emt 0:00:14] Strongly threatening Re7+.} Bxg2 $1 36. Re7+ Rxe7 37. Rxe7+ Kh6 {[%emt 0:01:03] ( -> ...Qh3+)} 38. Qxg2 $11 {[%emt 0:00:09][%mdl 4096] Endgame KQR-KQR} d5 (38... Rd7 $11 {remains equal.} 39. Re2 Kh7) 39. Qd2 (39. Re5 $5 Qf6 40. Rg5 $16 (40. Rxd5 Rxd5 41. Qxd5 Qb2+ 42. Qg2 Qb1 $14)) 39... c4 $2 (39... Rd7 $14 40. Re5 Qf6) 40. bxc4 $18 (40. Qxb4 Qc2+ 41. Kh3 Ra8 $11) 40... d4 41. Re5 $40 {[%emt 0:00:08][%mdl 128] White is out for blood.} (41. Qxb4 Qc2+ 42. Kg1 Qc3 $16) 41... Qf6 42. Qxb4 d3 {[%emt 0:00:17] White must now prevent ...d2.} 43. Qd2 $1 Kg7 44. Re3 (44. c5 $18) 44... Qd4 $16 {[%emt 0:00:17] [#]} 45. f5 $1 Rd7 46. Re6 (46. c5 $16 {And now c6 would win.} Qxc5 47. Rxd3 Rxd3 48. Qxd3) 46... Qxc4 (46... Rb7 $11 47. Re2 (47. fxg6 $2 Rb2 $19) (47. Rxg6+ Kf7 $11) 47... Qxc4) 47. Rxg6+ Kf7 {[%emt 0:00:01] [#]} 48. Qh6 $1 Ke7 49. Qg5+ Kf8 50. Qf6+ Qf7 51. Qh8+ Ke7 52. Re6+ Qxe6 53. fxe6 d2 54. exd7 d1=Q 55. Qe8+ {[%emt 0:04:08] Weighted Error Value: White=0.18 (very precise) /Black=0.51} 1-0

[Event "Israeli Team U18-ch 2022"]
[Site "Be'er Ya'akov"]
[Date "2022.08.15"]
[Round "3.3"]
[White "Shteiman, Yuval"]
[Black "Milikow, Elie"]
[Result "0-1"]
[ECO "A25"]
[WhiteElo "2034"]
[BlackElo "2433"]
[Annotator "TA"]
[PlyCount "66"]
[EventDate "2022.08.14"]
[EventCountry "ISR"]
[SourceTitle "playchess.com"]
[Source "ChessBase"]
[SourceQuality "1"]
[TimeControl "3000+10"]

1. c4 e5 2. g3 Nc6 3. Bg2 Nf6 4. Nc3 Bb4 5. e4 O-O 6. Nge2 a6 {[%emt 0:03:50] A25: English Opening vs King's Indian with ...Nc6 but without early d3.} 7. O-O Bc5 8. d3 d6 {[%emt 0:01:24] The position is equal.} 9. h3 h6 10. Kh2 b5 {[%emt 0:02:52] [#]} 11. a3 $146 ({Predecessor:} 11. Nd5 bxc4 12. dxc4 Nxd5 13. cxd5 Nd4 14. Be3 Nxe2 15. Qxe2 a5 16. Rfc1 Bxe3 17. Qxe3 {0-1 (44) Matlakov,M (2694)-Wojtaszek,R (2749) Doha 2016}) 11... bxc4 12. dxc4 Be6 13. Nd5 (13. b4 $5 Ba7 14. Nd5 $11) 13... Nd4 14. b4 Ba7 15. Bb2 c6 (15... Nxe2 $11 {is superior.} 16. Qxe2 Nd7) 16. Ne3 Nxe2 (16... c5 {is more complex.} 17. f4 Rb8 18. Nd5 Nd7) 17. Qxe2 Bxe3 18. Qxe3 ({Much worse is} 18. fxe3 c5 $15) 18... Bxc4 19. Rfc1 d5 (19... Bb5 $2 20. a4 $18) 20. Bxe5 Re8 21. f4 (21. Qd4 $16) 21... a5 $11 22. Qd4 axb4 23. axb4 {[%emt 0:00:06] With the idea Rxa8.} Qe7 24. Rxa8 Rxa8 25. Qc5 Qe6 26. Qd6 Ra2 {[%emt 0:01:07] And now ...Qxd6 would win.} 27. Kh1 Nxe4 {[%emt 0:00:45] The board is on fire. Active counter play!} 28. Qd8+ {[%emt 0:01:00][%mdl 8192] [#]} (28. Qxe6 $11 Nf2+ 29. Kg1 fxe6 30. Bf1) 28... Kh7 $19 29. Re1 Nxg3+ 30. Kg1 Qg6 (30... Nf5 $142 31. Qa5 Rxa5 32. bxa5 Qg6) 31. Qh4 {[%emt 0:00:21] [#]} Bf1 $1 32. Rxf1 Nxf1 33. Kxf1 Qxg2+ {[%emt 0:00:08] Weighted Error Value: White=0.71/Black=0.44} 0-1

[Event "Israeli Team U18-ch 2022"]
[Site "Be'er Ya'akov"]
[Date "2022.08.15"]
[Round "3.4"]
[White "Gorshtein, Asaf"]
[Black "Friedland, Eldar"]
[Result "0-1"]
[ECO "B38"]
[WhiteElo "2112"]
[BlackElo "1990"]
[Annotator "TA"]
[PlyCount "106"]
[EventDate "2022.08.14"]
[EventCountry "ISR"]
[SourceTitle "playchess.com"]
[Source "ChessBase"]
[SourceQuality "1"]
[TimeControl "3000+10"]

1. e4 c5 2. Nf3 g6 3. d4 cxd4 4. Nxd4 Bg7 5. c4 Nc6 6. Be3 Nf6 7. Nc3 O-O 8. Be2 d6 9. O-O Bd7 10. Qd2 Nxd4 11. Bxd4 Bc6 12. f3 Nd7 13. Be3 a5 14. b3 Nc5 15. Rac1 Be5 {[%emt 0:02:51] B38: Sicilian: Maroczy Bind with 5...Bg7 and 7...0-0.} 16. Rfd1 e6 17. Bd4 Qb6 {[%emt 0:06:51] White has an edge.} 18. Nb5 {[%emt 0:11:47] [#]} Rfd8 $146 ({Predecessor:} 18... Bxd4+ 19. Qxd4 e5 20. Qe3 Bxb5 21. cxb5 Rfd8 22. Bc4 Rac8 23. Kh1 Qc7 24. Bd5 Qd7 {1-0 (67) Hungaski,R (2492)-Iturrizaga Bonelli,E (2663) Medellin 2017}) 19. Qe3 (19. Bf2 $14) 19... Bxd4 20. Qxd4 Bxb5 21. cxb5 Nd7 (21... Rac8 {keeps more tension.} 22. Qf2 d5 23. Rd2 Nd7) 22. Qxb6 (22. Qf2 {looks sharper.} a4 23. Rd2 d5 24. exd5 Qd6 25. bxa4 Nb6 26. Bd1) 22... Nxb6 23. Rc7 Rab8 24. a4 Kf8 25. Rd4 Ke8 26. b4 e5 27. Rd2 ({Inferior is} 27. bxa5 Na8 28. Rdc4 Nxc7 29. Rxc7 Rdc8 $17) 27... axb4 28. a5 Na4 29. b6 $1 Nc3 {[%emt 0:01:32] Prevents Bb5+.} 30. Bc4 (30. Bf1 $5 ) 30... Rd7 31. Rxd7 $2 (31. Bd5 $11 {and White is okay.}) 31... Kxd7 $19 32. Bxf7 $11 {[%emt 0:00:37][%mdl 4096] Endgame [#] KRB-KRN} Kc6 $1 33. Kf2 Kc5 {[%emt 0:00:48] And now ...Rf8 would win.} 34. Ke3 (34. Kg3 {was called for.}) 34... Ra8 $19 35. Bd5 $2 (35. Kd3 {was necessary.}) 35... Rxa5 36. Bxb7 Kxb6 37. Bc8 Kc5 {[%emt 0:00:12] aiming for ...b3.} 38. Be6 Ra3 39. Rc2 Ra1 40. g3 (40. h4 {was worth a try.}) 40... Re1+ 41. Kf2 Rh1 42. Ke3 Re1+ 43. Kf2 Rd1 44. Ke3 Kb5 45. Bg8 h6 46. Bf7 g5 47. f4 $2 {[%emt 0:00:16] [#]} (47. h4 {is a better chance.}) 47... gxf4+ {[%emt 0:00:14] Black is clearly winning.} 48. gxf4 exf4+ 49. Kf3 Rf1+ 50. Kg2 Re1 51. Bg6 Kc4 52. Bf7+ Kd3 53. Rb2 Re2+ {[%emt 0:01:41] Weighted Error Value: White=0.63/Black=0.18 (very precise)} 0-1

[Event "Israeli Team U18-ch 2022"]
[Site "Be'er Ya'akov"]
[Date "2022.08.15"]
[Round "3.5"]
[White "Levin, Guy"]
[Black "Zemach, Nadav"]
[Result "1-0"]
[ECO "A13"]
[WhiteElo "2363"]
[BlackElo "2225"]
[Annotator "TA"]
[PlyCount "100"]
[EventDate "2022.08.14"]
[EventCountry "ISR"]
[SourceTitle "playchess.com"]
[Source "ChessBase"]
[SourceQuality "1"]
[TimeControl "3000+10"]

1. c4 e6 2. g3 d5 3. Bg2 d4 4. Nf3 c5 5. d3 Nc6 6. e3 {[%emt 0:00:10] A13: English Opening: 1...e6.} Nf6 7. O-O Bd6 8. exd4 {[%emt 0:00:10] The position is equal.} cxd4 9. Na3 O-O 10. Nc2 e5 11. b4 Re8 12. c5 Bc7 13. Bg5 h6 14. Bxf6 Qxf6 {[%emt 0:00:00] [#]} 15. b5 $146 ({Predecessor:} 15. Nd2 Qg6 16. b5 Ne7 17. Nc4 Be6 18. Re1 Bxc4 19. dxc4 Ba5 20. Re4 Rac8 21. Ne1 {1-0 (40) Mikhalevski,V (2565)-Schiendorfer,E (2310) Porto Carras 2018}) 15... Nd8 16. Nb4 {[%emt 0:00:00] And now Nd5 would win.} Be6 {[%emt 0:00:00] Prevents Nd5.} (16... Qe7 $142) 17. Nd2 Qe7 18. Rc1 Rc8 19. Qa4 {[%emt 0:00:00] Inhibits Ba5.} Bb8 20. Ne4 f5 ({Better is} 20... b6) 21. Nd6 $1 $16 {[%emt 0:00:00] White is more active.} Bxd6 {[%emt 0:00:00] This costs Black the game.} (21... Rxc5 $16 22. Nxe8 (22. Rxc5 Bxd6 23. Nd5 Qf7 $11) 22... Rxc1 23. Rxc1 Qxe8) 22. cxd6 $18 Qxd6 23. b6 $1 {[%emt 0:00:00][%mdl 64] Discovered Attack} Bd7 {[%emt 0:00:00] [#]} 24. Rxc8 $1 {[%emt 0:00:00][%mdl 64] Pin} Bxa4 25. bxa7 Bd7 26. Rb8 Qxb4 27. a8=Q Qe7 28. Bxb7 Nxb7 29. Qxb7 Rxb8 30. Qxb8+ {[%emt 0:00:00][%mdl 4096] Endgame KQR-KQB} Kh7 31. Re1 e4 32. Qb7 Qe6 (32... Qd6 $142 33. dxe4 Bc6) 33. dxe4 Bc6 {[%emt 0:00:00] Against Qd5} 34. Qb3 Qxb3 (34... Qe5 35. Qb6 Ba8) 35. axb3 fxe4 {[%emt 0:00:00] KR-KB} 36. Rd1 d3 37. f3 Bd5 38. fxe4 Bxb3 39. Rxd3 {[%emt 0:00:00] White mates.} Bc2 40. Rd4 Kg6 41. Kf2 Kf6 42. Ke3 Bb3 43. Kf4 Be6 44. e5+ Kf7 45. h4 g6 46. Ra4 Bb3 47. Ra7+ Kg8 48. Re7 Bc4 49. e6 Kf8 50. Rf7+ Kg8 {[%emt 0:00:09] Weighted Error Value: White=0.06 (flawless) /Black=0.36} 1-0